 Dungeon Crawl Stone Soup version 0.24.0-2-g5b39cebb1c (webtiles) character file.

Game seed: 10164322140065534881, levelgen mode: deterministic

46 ventricule the Sneak (level 3, 0/20 HPs)
             Began as a Deep Elf Assassin on Oct 30, 2019.
             Slain by a gnoll
             ... wielding a +1 whip of flaming
              (2 damage)
             ... on level 2 of the Dungeon.
             The game lasted 00:02:35 (2043 turns).

ventricule the Sneak (Deep Elf Assassin)            Turns: 2043, Time: 00:02:35

Health: 0/20       AC:  3    Str:  8    XL:     3   Next: 46%
Magic:  5/5        EV: 13    Int: 16    God:
Gold:   35         SH:  0    Dex: 16    Spells: 2/2 levels left

rFire    . . .     SeeInvis .   a - +2 dagger
rCold    . . .     Gourm    .   (no shield)
rNeg     . . .     Faith    .   b - +0 robe
rPois    .         Spirit   .   (no helmet)
rElec    .         Reflect  .   c - +0 cloak
rCorr    .         Harm     .   (no gloves)
MR       .....                  (no boots)
Stlth    +++.......             (no amulet)
HPRegen  0.06/turn              (no ring)
MPRegen  0.09/turn              (no ring)

@: no status effects
A: no striking features
a: no special abilities


You were on level 2 of the Dungeon.
You were not hungry.

You visited 1 branch of the dungeon, and saw 2 of its levels.

You collected 35 gold pieces.

Inventory:

Hand Weapons
 a - a +2 dagger (weapon)
Missiles
 d - 6 poisoned darts (quivered)
 f - 2 curare-tipped darts
 m - 6 atropa-tipped darts
 Q - 43 stones
Armour
 b - a +0 robe (worn)
 c - a +0 cloak (worn)
Scrolls
 h - a scroll of teleportation {unknown}
 i - a scroll of identify {unknown}
 j - 2 scrolls of fear {unknown}
 k - 2 scrolls of fog {unknown}
 l - a scroll of noise {unknown}
Potions
 g - a potion of flight {unknown}
 n - a potion of mutation {unknown}
Comestibles
 e - a ration


   Skills:
 - Level 1.5 Fighting
 + Level 2.7 Short Blades
 - Level 2.0 Throwing
 + Level 2.5 Dodging
 + Level 5.5 Stealth


You had 2 spell levels left.
You didn't know any spells.
Your spell library was empty.

Dungeon Overview and Level Annotations

Branches:
Dungeon (2/15)

Altars:

Annotations:
D:2 Robin


Message History

Aim: a gnoll, wielding a +1 whip of flaming You throw a poisoned dart.
The poisoned dart hits the gnoll.
Throwing (i - inventory. (/) - cycle)
d - 7 poisoned darts (quivered)
Aim: a gnoll, wielding a +1 whip of flaming You throw a poisoned dart.
The poisoned dart barely misses the gnoll.
The poisoned dart hits the gnoll.
The gnoll is poisoned.
The gnoll hits you with a +1 whip of flaming.
The gnoll burns you.
The gnoll hits you from afar with a +0 spear!
Ouch! That really hurt!
* * * LOW HITPOINT WARNING * * *
You take 16 damage, and have 4/20 hp.
MASSIVE DAMAGE!!
The gnoll looks more healthy.
You see here a +0 whip.
The gnoll hits you with a +1 whip of flaming.
* * * LOW HITPOINT WARNING * * *
The gnoll burns you.
You die...

#>.......# ########)#
#.# #.# #.# ##.##
#...#######
###.#.#.....#
##...#.@.....#
##########..#####g....#
.....)........#.......#
.############.#.#.g...#
.# ..........###l### .#
########### #.# .# #.#
g# #.## .# #..#


You could see 2 gnolls and a frilled lizard.

Levels and vault maps discovered:
D:1:      elethiomel_arrival_diamonds, layout_basic
D:2:      layout_loops_ring, uniq_robin

Notes
Turn   | Place    | Note
-------+----------+-------------------------------------------
     0 | D:1      | ventricule the Deep Elf Assassin began the quest for the
                  | Orb.
     0 | D:1      | Reached XP level 1. HP: 12/12 MP: 3/3
   130 | D:1      | Reached skill level 5 in Stealth
   156 | D:1      | Identified a +0 club
   195 | D:1      | Reached XP level 2. HP: 7/16 MP: 4/4
   393 | D:1      | Identified a +0 dagger
   494 | D:1      | Reached skill level 2 in Dodging
   754 | D:1      | Identified a +0 whip
  1441 | D:2      | Identified a +0 dagger
  1442 | D:2      | Identified a +0 dagger
  1449 | D:2      | Identified a +0 club
  1451 | D:2      | Reached XP level 3. HP: 20/20 MP: 5/5
  1451 | D:2      | Identified a +0 short sword
  1451 | D:2      | Identified a +0 animal skin
  1451 | D:2      | Identified a +0 helmet
  1451 | D:2      | Noticed Robin
  1535 | D:2      | Identified a +0 club
  1624 | D:2      | Identified a +0 whip
  1629 | D:2      | Identified a +0 club
  1629 | D:2      | Noticed a phantom
  1656 | D:2      | meem: I'm meem, an infobot run by MalcolmRoseGaming: Type
                  | !submeem to keep me in your games; !nomeem to shut me up
                  | forever; !meem for help; !whymeem if you want to know why
                  | meem exists. Visit http://youtube.com/malcolmrosegaming for
                  | more DCSS content.
  1725 | D:2      | Identified a +1 whip of flaming
  1725 | D:2      | Identified a +0 whip
  1725 | D:2      | Identified a +0 spear
  2002 | D:2      | HP: 4/20 [gnoll/+0 spear (10)]
  2043 | D:2      | HP: 2/20 [gnoll/+1 whip of flaming (4)]
  2043 | D:2      | Slain by a gnoll

Table legend:
 A = Turns spent in this place as a percentage of turns spent in the entire game.
 B = Non-inter-level travel turns spent in this place as a percentage of non-inter-level travel turns spent in the entire game.
 C = Inter-level travel turns spent in this place as a percentage of turns spent in this place.
 D = Turns resting spent in this place as a percentage of non-inter-level travel turns spent in this place.
 E = Turns spent auto-exploring this place as a percentage of non-inter-level travel turns spent in this place.
 F = Non-inter-level travel turns spent in this place divided by the number of levels of this place that you've seen.
                   A       B       C       D       E      F
               +-------+-------+-------+-------+-------+----------------------
         Total | 100.0 | 100.0 |   3.6 |  32.4 |  48.3 | 984.5
       Dungeon | 100.0 | 100.0 |   3.6 |  32.4 |  48.3 | 984.5
               +-------+-------+-------+-------+-------+----------------------

Table legend:
 A = Kills in this place as a percentage of kills in entire the game.
 B = Kills by you in this place as a percentage of kills by you in the entire game.
 C = Kills by friends in this place as a percentage of kills by friends in the entire game.
 D = Other kills in this place as a percentage of other kills in the entire game.
 E = Experience gained in this place as a percentage of experience gained in the entire game.
 F = Experience gained in this place divided by the number of levels of this place that you have seen.
                   A       B       C       D       E      F
               +-------+-------+-------+-------+-------+----------------------
         Total | 100.0 | 100.0 |   N/A |   N/A | 100.0 |  33.5
       Dungeon | 100.0 | 100.0 |   N/A |   N/A | 100.0 |  33.5
               +-------+-------+-------+-------+-------+----------------------

Skill      XL: |  1  2 |
---------------+-------+-----
Stealth        | 5 |  5.5
Dodging        | 2 |  2.5
Fighting       | |  1.5
Short Blades   | |  2.7
Throwing       | |  2.0

Action                   || total
-------------------------++-------
Melee: Dagger            ||    88
Throw: Dart              ||     9
 Stab: Sleeping          ||    11
  Eat: Chunk             ||     3
Armor: Robe              ||    13
Dodge: Dodged            ||    48

Vanquished Creatures
  A gnoll (D:2)
  2 dart slugs (D:1)
  2 bats (D:1)
  A giant cockroach (D:1)
  7 goblins
  2 hobgoblins
  5 frilled lizards
  8 kobolds
  8 rats
36 creatures vanquished.
